 Dungeon Crawl Stone Soup version 0.31-a0-986-g5e6e4ef867 (webtiles) character file.

Game seed: 14895324360400207870

80 sammy202020 the Changeling (level 4, -1/38 HPs)
             Began as an Armataur Shapeshifter on Nov 9, 2023.
             Slain by a gnoll
             ... wielding a +0 club
              (4 damage)
             ... on level 2 of the Dungeon.
             The game lasted 00:02:25 (1174 turns).

sammy202020 the Changeling (Armataur Shapeshifter)  Turns: 1174, Time: 00:02:26

Health: -1/38      AC:  7    Str: 19    XL:     4   Next: 18%
Magic:  4/4        EV:  8    Int: 11    God:
Gold:   105        SH:  0    Dex: 11    Spells: 3/3 levels left

rFire   . .          .
                       - Unarmed
rCold   . . .        (no shield)
rNeg    . . .        k - +1 scale mail
rPois   .            (helmet currently unavailable)
rElec   .            (cloak currently unavailable)
rCorr   .            (gloves currently unavailable)
SInv    .            (no barding)
Will    .....        (no amulet) Stlth
                     (no ring)
HPRegen 0.26/turn    (no ring)
MPRegen 0.09/turn

%: roll
@: beast-form
A: beast (slay +1), large, rugged brown scales 3, deformed body, armoured tail,
roll, long tongue, awkward tongue
a: Begin Untransformation


You were on level 2 of the Dungeon.
You were a hulking beast.
You visited 1 branch of the dungeon, and saw 2 of its levels.

You collected 105 gold pieces.

Inventory:

Armour
 a - a +0 animal skin
 k - a +1 scale mail (worn)
Talismans
 c - a beast talisman
 d - a flux talisman
Scrolls
 e - a scroll of silence {unknown}
 g - a scroll of blinking {unknown}
Potions
 b - a potion of lignification
 f - a potion of curing
 h - a potion of magic {unknown}


   Skills:
 * Level 2.0 Fighting
 + Level 1.0 Armour
 + Level 1.6 Dodging
 * Level 3.2 Unarmed Combat
 * Level 3.2 Shapeshifting


You had 3 spell levels left.
You didn't know any spells.
Your spell library contained the following spells:

 Spells                   Type           Power      Damage    Failure   Level
 Frozen Ramparts          Ice            0%         1d1       97%         3
 Petrify                  Tmut/Erth      0%         N/A       100%        4
 Metabolic Englaciation   Hex/Ice        0%         N/A       100%        5


Dungeon Overview and Level Annotations

Branches:
Dungeon (2/15)

Altars:


Innate Abilities, Weirdness & Mutations

You are a hulking beast.
Your limbs bulge with bestial killing power. (Slay +1)
You are completely covered in rugged brown scales. (AC +3, +7% HP)
Armour fits poorly on your strangely shaped body.
You have a long armoured tail.
You roll when moving toward enemies. (Rampage)
Your long tongue fully drains potion bottles. (2x potion effects)
Your tongue gives you trouble enunciating. (1.5x scroll delay)


Message History

The goblin hits you but does no damage.
You hit the goblin.
You kill the goblin!
You hit the hobgoblin.
The hobgoblin is heavily wounded.
The hobgoblin barely misses you.
You closely miss the hobgoblin.
The hobgoblin is heavily wounded.
The hobgoblin hits you.
You hit the hobgoblin but do no damage.
The hobgoblin is heavily wounded.
The hobgoblin barely misses you.
The gnoll hits you from afar with a +0 spear of flaming.
The gnoll burns you.
You hit the hobgoblin.
The hobgoblin is almost dead.
The hobgoblin misses you. The gnoll closely misses you.
You hit the hobgoblin.
You kill the hobgoblin!
You closely miss the gnoll.
The gnoll hits you from afar with a +0 spear of flaming.
The gnoll burns you. The gnoll hits you but does no damage.
You hit the gnoll but do no damage. The gnoll barely misses you.
The gnoll hits you with a +0 club.
* * * LOW HITPOINT WARNING * * *
You hit the gnoll.
The gnoll is heavily wounded.
The gnoll barely misses you. The gnoll hits you but does no damage.
You closely miss the gnoll.
Your tail-slap misses the gnoll.
The gnoll is heavily wounded.
The gnoll hits you but does no damage. The gnoll hits you with a +0 club.
* * * LOW HITPOINT WARNING * * *
You hit the gnoll.
The gnoll is almost dead.
The gnoll hits you from afar with a +0 spear of flaming.
* * * LOW HITPOINT WARNING * * *
The gnoll burns you.
* * * LOW HITPOINT WARNING * * *
The gnoll hits you with a +0 club.
You die...

..................
###.#..(.....)....
#####..##............##........
.......#.#..........#.#........
........#.##......##.#.........
.........##.#....#.##..........
.........#.#.#..#.#.#..........
..........#.##..##.#...........
...........##...h##............
#...............gg...)........
...#..†........................
#.......##...†##.....[##.###
#†.....#.##..##.#.....# #
........#.#.#^.#.#.#)...#
####....##.#....#.##....#
.....#.##......##.#..$...
#....#.#..........#.#...##


You could see 2 gnolls.

Vanquished Creatures
  2 gnolls
  An adder (D:2)
  3 dart slugs (D:1)
  4 bats
  3 endoplasms (D:1)
  A giant cockroach (D:1)
  3 goblins
  5 hobgoblins
  8 jackals (D:1)
  A quokka (D:2)
  4 ball pythons (D:1)
  2 frilled lizards
  3 kobolds
  3 rats
43 creatures vanquished.

Notes
Turn   | Place    | Note
-------+----------+-------------------------------------------
     0 | D:1      | sammy202020 the Armataur Shapeshifter began the quest for
                  | the Orb.
     0 | D:1      | Reached XP level 1. HP: 16/16 MP: 1/1
    16 | D:1      | Reached skill level 1 in Fighting
   168 | D:1      | Reached XP level 2. HP: 23/24 MP: 2/2
   301 | D:1      | Reached XP level 3. HP: 29/29 MP: 3/3
   575 | D:1      | Found a faded altar of an unknown god.
  1087 | D:2      | Reached skill level 1 in Armour
  1147 | D:2      | Reached XP level 4. HP: 38/38 MP: 4/4
  1174 | D:2      | Slain by a gnoll

Illustrated notes

Levels and vault maps discovered:
D:1:      dpeg_arrival_connections, layout_basic, shapermc_ecumenical_altar_venn
D:2:      layout_basic, minmay_misc_feat_secret_circle, guppyfry_early_lair_pool

Skill      XL: |  1  2  3 |
---------------+----------+-----
Fighting       | 1 2 |  2.0
Unarmed Combat | 3 |  3.2
Shapeshifting  | 3 |  3.2
Armour         | 1 |  1.0
Dodging        | |  1.6

Action                     |  1- 3 |  4- 6 || total
---------------------------+-------+-------++-------
  Melee: Unarmed           |    97 |    19 ||   116
         Tailslap          |    11 |     3 ||    14
         Punch             |       |     1 ||     1
    Use: Scroll            |     5 |       ||     5
         Potion            |     1 |     1 ||     2
   Stab: Sleeping          |     1 |       ||     1
 Armour: Animal skin       |    18 |       ||    18
         Scale mail        |    35 |    30 ||    65
  Dodge: Dodged            |    31 |    15 ||    46

Table legend: (Time is in decaauts)
 A = Elapsed time spent in this place.
 B = Non-inter-level travel time spent in this place.
 C = Inter-level travel time spent in this place.
 D = Time resting spent in this place.
 E = Time spent auto-exploring this place.
 F = Levels seen in this place.
 G = Mean time per level.
                   A        B        C        D        E       F      G
               +--------+--------+--------+--------+--------+-----+--------+
         Total |   1178 |   1178 |      0 |     44 |    876 |   2 |  589.0 |
       Dungeon |   1178 |   1178 |      0 |     44 |    876 |   2 |  589.0 |
               +--------+--------+--------+--------+--------+-----+--------+

Top non-repeatable levels by time:
     D:1: 1050 daAuts
     D:2: 128 daAuts
